 Dungeon Crawl Stone Soup version 0.29-a0-923-g6e406bff71 (webtiles) character file.

Game seed: 1308397947550540003

203 ptdevnull the Insei (level 5, -1/36 HPs)
             Began as an Octopode Transmuter on July 27, 2022.
             Slain by a bullfrog (4 damage)
             ... in a sewer.
             The game lasted 00:04:50 (2706 turns).

ptdevnull the Insei (Octopode Transmuter)           Turns: 2706, Time: 00:04:51

Health: -1/36      AC:  1    Str:  9    XL:     5   Next: 81%
Magic:  7/8        EV: 13    Int: 18    God:
Gold:   132        SH:  0    Dex: 12    Spells: 7/8 levels left

rFire   . . .      SeeInvis .     - Unarmed
rCold   . . .      Faith    .   (no shield)
rNeg    . . .      Spirit   .   (helmet currently unavailable)
rPois   .          Reflect  .   (no amulet)
rElec   .          Harm     .   (no ring)
rCorr   .          Rampage  .   (no ring)
Will    .....                   (no ring)
Stlth   ++........              (no ring)
HPRegen 0.12/turn               (no ring)
MPRegen 0.11/turn               (no ring)
                                (no ring)
                                (no ring)

@: appendages
A: tentacle spike 3, almost no armour, amphibious, 8 rings, camouflage 1,
gelatinous body 1, (nimble swimmer 1), tentacles
a: End Transformation


You were in a sewer.
One of your tentacles had grown a beastly spike.
You visited 1 branch of the dungeon, and saw 3 of its levels.
You also visited: Sewer.

You collected 132 gold pieces.

Inventory:

Armour
 e - a +0 kite shield
 i - a +1 hat (melded)
Scrolls
 d - a scroll of brand weapon {unknown}
 f - a scroll of teleportation {unknown}
 g - 3 scrolls of identify {unknown}
 l - a scroll of vulnerability {unknown}
 m - a scroll of noise {unknown}
Potions
 a - a potion of lignification
 b - a potion of attraction {unknown}
 c - a potion of brilliance {unknown}
 h - a potion of invisibility {unknown}
 j - a potion of resistance {unknown}
 k - 2 potions of curing {unknown}


   Skills:
 - Level 3.0 Fighting
 - Level 2.0 Dodging
 * Level 5.5 Unarmed Combat
 - Level 2.0 Spellcasting
 - Level 2.0 Transmutations


You had 7 spell levels left.
You knew the following spells:

 Your Spells              Type           Power      Damage    Failure   Level
a - Beastly Appendage     Tmut           18%        N/A       8%          1

Your spell library contained the following spells:

 Spells                   Type           Power      Damage    Failure   Level
 Wereblood                Tmut           9%         N/A       12%         2
 Spider Form              Tmut/Pois      5%         N/A       34%         3
 Ignite Poison            Fire/Tmut/Pois 4%         N/A       38%         3
 Mephitic Cloud           Conj/Pois/Air  1%         N/A       47%         3
 Ice Form                 Ice/Tmut       5%         N/A       75%         4
 Freezing Cloud           Conj/Ice/Air   0%         6-21      99%         5


Dungeon Overview and Level Annotations

Branches:
Dungeon (3/15)              Sewer (1/1)

Altars:


Innate Abilities, Weirdness & Mutations

One of your tentacles has grown a beastly spike.
You cannot wear most types of armour.
You are amphibious.
You can wear up to eight rings at the same time.
Your skin changes colour to match your surroundings (Stealth+).
Your rubbery body absorbs attacks. (AC +1, EV +1)
((You are camouflaged when in or above water. (Stealth+)))
You have tentacles for arms and can constrict up to eight enemies at once.


Message History

The bullfrog is lightly wounded.
The bullfrog barely misses you.
The bullfrog swells and bulges.
You barely miss the bullfrog. You grab the bullfrog.
The bullfrog is lightly wounded.
You constrict the bullfrog. The bullfrog closely misses you.
One of your tentacles grows a vicious spike.
Your +1 hat melds into your body.
You constrict the bullfrog.
The bullfrog hits you. x2; The bullfrog completely misses you.
You tentacle-slap the bullfrog.
The bullfrog is heavily wounded.
You constrict the bullfrog. The bullfrog hits you. The bullfrog misses you.
You tentacle-slap the bullfrog.
You pierce the bullfrog, but do no damage.
You squeeze the bullfrog.
The bullfrog is severely wounded.
You constrict the bullfrog. The bullfrog hits you!
The bullfrog hits you but does no damage.
The bullfrog closely misses you.
You barely miss the bullfrog.
Your tentacle spike misses the bullfrog.
You squeeze the bullfrog.
You kill the bullfrog!
The bullfrog barely misses you.
Training target 3.0 for Fighting reached!
Your Fighting skill increases to level 3!
You tentacle-slap the bullfrog. Your grab misses the bullfrog.
The bullfrog is moderately wounded.
The bullfrog hits you.
You tentacle-slap the bullfrog. Your grab misses the bullfrog.
You pierce the bullfrog.
You squeeze the bullfrog!
The bullfrog is almost dead.
The bullfrog closely misses you.
You tentacle-slap the bullfrog. You grab the bullfrog.
Your tentacle spike misses the bullfrog.
The bullfrog is almost dead.
You constrict the bullfrog. The bullfrog hits you!
* * * LOW HITPOINT WARNING * * *
The bullfrog hits you.
You die...

#.≈≈≈≈≈≈≈≈≈≈≈≈≈≈≈≈≈ ≈≈≈≈≈≈≈≈≈
#.≈≈≈†.†≈≈≈≈≈≈≈≈≈≈.........≈.
#.≈≈≈†≈≈≈≈≈≈≈≈≈≈≈≈≈≈≈≈#######
#≈B≈≈.≈≈≈≈≈≈≈≈≈≈≈≈≈≈≈ #
#≈≈≈≈≈≈≈≈≈≈≈≈≈≈≈≈≈≈≈ #
#.B≈≈≈≈≈≈≈≈≈≈≈≈≈≈≈≈≈ #
#≈≈≈≈≈≈≈≈≈≈≈...≈?≈≈≈ #
#≈≈≈≈≈≈≈≈≈≈..≈.=[(.≈ #
#≈≈≈≈≈≈≈≈≈≈≈@F.?$.≈≈ #
#≈≈≈≈≈≈≈≈≈≈.†≈≈≈.≈≈≈ #
#≈≈≈≈≈#≈≈≈≈∩.≈≈≈≈≈≈≈ #
#≈≈≈≈≈##≈≈≈≈≈≈≈≈≈≈≈≈ #
#.≈≈≈≈####≈≈≈≈≈≈≈≈≈≈ #
#.≈≈≈≈# ####≈≈≈≈≈≈# # #.≈≈≈.#
####### # #.≈≈≈≈# # #.≈≈≈≈# #


You could see a bullfrog.

Vanquished Creatures
  A bullfrog (Sewer)
  6 adders
  2 dart slugs (D:2)
  A worm (D:2)
  6 ball pythons
  3 endoplasms (D:2)
  12 giant cockroaches
  5 goblins
  6 hobgoblins
  2 kobolds
  13 quokkas
  7 bats
  2 frilled lizards (Sewer)
  3 rats
69 creatures vanquished.

Notes
Turn   | Place    | Note
-------+----------+-------------------------------------------
     0 | D:1      | ptdevnull the Octopode Transmuter began the quest for the
                  | Orb.
     0 | D:1      | Reached XP level 1. HP: 13/13 MP: 3/3
   145 | D:1      | Reached XP level 2. HP: 18/18 MP: 5/5
   337 | D:1      | Found a faded altar of an unknown god.
   666 | D:2      | Reached XP level 3. HP: 16/24 MP: 4/6
  1034 | D:2      | Reached skill level 4 in Unarmed Combat
  1390 | D:2      | Reached XP level 4. HP: 24/29 MP: 5/7
  2084 | D:3      | Found a glowing drain.
  2105 | Sewer    | Entered a sewer
  2179 | Sewer    | Reached XP level 5. HP: 17/35 MP: 6/8
  2587 | Sewer    | Reached skill level 5 in Unarmed Combat
  2706 | Sewer    | Slain by a bullfrog

Illustrated notes

Levels and vault maps discovered:
D:1:      nzn_arrival_crosshair, layout_rooms,
          shapermc_ecumenical_altar_notcrosses
D:2:      layout_basic
D:3:      layout_rooms, mainiacjoe_overflow_alcove_1, portal_sewer_entry_f,
          gammafunk_ghost_cemetery, minmay_hedge_maze,
          minmay_misc_feat_four_crosses
Sewer:    sewer_frog_island_01

Skill      XL: |  1  2  3  4  5 |
---------------+----------------+-----
Fighting       | 2 3 |  3.0
Unarmed Combat | 4 5 |  5.5
Dodging        | |  2.0
Spellcasting   | |  2.0
Transmutations | |  2.0

Action                   |  1- 3 |  4- 6 || total
-------------------------+-------+-------++-------
Melee: Unarmed           |    78 |    86 ||   164
       Constrict         |    22 |    24 ||    46
       Tentacles         |    17 |    23 ||    40
       Punch             |     2 |     2 ||     4
       Kick              |     9 |    13 ||    22
 Cast: Beastly Appendage |    12 |     5 ||    17
 Stab: Sleeping          |     9 |     3 ||    12
Armor: Skin              |     4 |    13 ||    17
Dodge: Dodged            |    43 |    74 ||   117

Table legend: (Time is in decaauts)
 A = Elapsed time spent in this place.
 B = Non-inter-level travel time spent in this place.
 C = Inter-level travel time spent in this place.
 D = Time resting spent in this place.
 E = Time spent auto-exploring this place.
 F = Levels seen in this place.
 G = Mean time per level.
                   A        B        C        D        E       F      G
               +--------+--------+--------+--------+--------+-----+--------+
         Total |   2692 |   2613 |     79 |    273 |   1904 |   4 |  673.0 |
       Dungeon |   2097 |   2018 |     79 |    103 |   1583 |   3 |  699.0 |
         Sewer |    595 |    595 |      0 |    170 |    321 |   1 |  595.0 |
               +--------+--------+--------+--------+--------+-----+--------+

Top non-repeatable levels by time:
     D:2: 1384 daAuts
     D:1: 622 daAuts
   Sewer: 595 daAuts
     D:3: 90 daAuts
